[Event "Titled Tuesday Blitz July 20 2021"]
[White "Shahade, Gregory"]
[Black "Al-Tarboush, Ward"]
[WhiteFideId "2009064"]
[BlackFideId "7601450"]
[WhiteElo "2689"]
[BlackElo "2319"]
[Result "1-0"]
[Round "05"]
[TimeControl "180+1"]
[Date "2021.07.21"]
[WhiteClock "0:00:04"]
[BlackClock "0:00:01"]

1. e4 e5 2. Nf3 Nf6 3. Nxe5 d6 4. Nf3 Nxe4 5. Nc3 Nxc3 6. dxc3 Nc6 7. Be3 Be6 8. Qd2 Be7 9. O-O-O Qd7 10. b3 O-O-O 11. Nd4 Nxd4 12. Bxd4 Kb8 13. Bxg7 Rhg8 14. Bd4 Bd5 15. Bxa7+ Kxa7 16. Qxd5 Rg5 17. Qd4+ Kb8 18. Kb1 Ra5 19. g3 c6 20. Bg2 Kc7 21. Rhe1 Rda8 22. a4 b5 23. Re2 bxa4 24. b4 Rb5 25. Qc4 Bf6 26. Red2 Be7 27. Qxf7 d5 28. Re2 Bd6 29. Qxd7+ Kxd7 30. Ka2 Rab8 31. Rd4 Kc7 32. Rh4 Kb6 33. Rxh7 d4 34. Rh6 Rd8 35. Ree6 Kc7 36. c4 Rxb4 37. c5 Bf8 38. Rxc6+ Kb8 39. Ra6 Bxh6 40. Rxh6 Rc4 41. Rb6+ Ka7 42. Rb7+ Ka6 43. Kb2 Rxc5 44. Rb4 Ka5 45. Rb7 Rb5+ 46. Rxb5+ Kxb5 47. h4 Kb4 48. h5 a3+ 49. Ka2 Rc8 50. Be4 Re8 51. f3 Rc8 52. h6 Rh8 53. h7 Kc3 54. g4 Kd2 55. g5 d3 56. Bxd3 Kc1 57. g6 Rb8 58. g7 1-0


[Site "https://www.chess.com"]

[Event "Titled Tuesday Blitz July 20 2021"]
[White "Shevelev, Dmitri"]
[Black "Buchenau, Frank"]
[WhiteFideId "2802627"]
[BlackFideId "4604350"]
[WhiteElo "2262"]
[BlackElo "2255"]
[Result "0-1"]
[Round "05"]
[TimeControl "180+1"]
[Date "2021.07.21"]
[WhiteClock "0:00:03"]
[BlackClock "0:00:11"]

1. d4 e6 2. Nf3 Nf6 3. Nc3 d5 4. Bg5 h6 5. Bxf6 Qxf6 6. e4 dxe4 7. Nxe4 Qf4 8. Bd3 Be7 9. g3 Qg4 10. h3 Qh5 11. g4 Qa5+ 12. c3 Nd7 13. Qe2 O-O 14. h4 c5 15. g5 f5 16. gxh6 gxh6 17. Rg1+ Kh8 18. Qd2 Kh7 19. Neg5+ hxg5 20. Nxg5+ Kh8 21. Nxe6 Rf6 22. Ng7 Nf8 23. O-O-O cxd4 24. Qg5 Rg6 25. Qh5+ Kxg7 26. Rxg6+ Nxg6 27. Rg1 Qb6 28. Bxf5 Bxf5 29. Qxf5 Rf8 30. Qd3 dxc3 31. h5 Rf6 32. Kd1 Qxb2 33. Rxg6+ Rxg6 34. Qxg6+ Kf8 35. Qf5+ Ke8 36. Qc8+ Kf7 37. Qf5+ Bf6 38. Qd7+ Kf8 39. Qc8+ Ke7 40. Qc7+ Ke6 41. Qc8+ Ke5 42. Qe8+ Kf5 43. Qg6+ Ke6 44. Qe8+ Be7 45. Qg6+ Kd7 46. Qd3+ Kc7 47. Qg3+ Bd6 48. Qg7+ Kc6 49. Qg2+ Kb6 50. Qg5 c2+ 51. Ke2 c1=Q+ 52. Kf3 Qxg5 0-1


[Site "https://www.chess.com"]

[Event "Titled Tuesday Blitz July 20 2021"]
[White "Shtyka, Sergey"]
[Black "Zhigalko, Sergei"]
[WhiteFideId "4138465"]
[BlackFideId "13502956"]
[WhiteElo "2064"]
[BlackElo "2662"]
[Result "0-1"]
[Round "05"]
[TimeControl "180+1"]
[Date "2021.07.21"]
[WhiteClock "0:00:03"]
[BlackClock "0:00:02"]

1. e4 c5 2. Nf3 Nc6 3. d4 cxd4 4. Nxd4 Nf6 5. Nc3 e5 6. Ndb5 d6 7. Bg5 a6 8. Na3 b5 9. Bxf6 gxf6 10. Nd5 Bg7 11. c3 f5 12. exf5 Bxf5 13. Nc2 Be6 14. Nce3 Ne7 15. Qf3 Nxd5 16. Nxd5 O-O 17. O-O-O f5 18. Qh5 Kh8 19. Kb1 Rc8 20. Be2 Rc5 21. Ne3 f4 22. Nc2 Bf5 23. Bd3 e4 24. Be2 e3 25. Qf3 b4 26. Bd3 Qf6 27. Bxf5 Qxf5 28. fxe3 bxc3 29. b3 Ra5 30. Qxf4 Rxa2 31. Qxf5 Rb2+ 32. Kc1 Rxf5 33. Rxd6 Bf8 34. Rd3 Rf2 35. Nd4 Ba3 36. Ne6 Rxb3+ 37. Kd1 Rb1# 0-1


[Site "https://www.chess.com"]

[Event "Titled Tuesday Blitz July 20 2021"]
[White "Silich, Yahor"]
[Black "Rodriguez Hernandez, Luis Daniel"]
[WhiteFideId "13513656"]
[BlackFideId "3506770"]
[WhiteElo "2142"]
[BlackElo "2133"]
[Result "0-1"]
[Round "05"]
[TimeControl "180+1"]
[Date "2021.07.21"]
[WhiteClock "0:00:02"]
[BlackClock "0:00:07"]

1. e4 e5 2. Nf3 Nc6 3. Bc4 Nf6 4. d3 Bc5 5. O-O a6 6. c3 Ba7 7. a4 O-O 8. h3 d6 9. Re1 Be6 10. Bxe6 fxe6 11. b4 Qe8 12. Nbd2 Nh5 13. Nc4 Qg6 14. Ra2 b5 15. axb5 axb5 16. Na5 Ne7 17. Kh2 Nf4 18. g3 Nh5 19. Be3 Bb6 20. Qe2 c5 21. Rea1 Qf7 22. Ng5 Qg6 23. Nf3 Rab8 24. Nb3 c4 25. dxc4 Qxe4 26. Nbd2 Qc6 27. cxb5 Qxc3 28. Bxb6 Rxb6 29. Ra8 Rbb8 30. Rxb8 Rxb8 31. Qc4 Qxa1 32. Qxe6+ Kh8 33. Qxe7 h6 34. Qxd6 Re8 35. Qd7 Nf6 36. Qf5 e4 37. Nh4 Qb2 38. Ng6+ Kg8 39. Nc4 Qxb4 40. Ne3 Qd2 41. b6 Qd7 42. Qxd7 Nxd7 43. Nd5 Kf7 44. Ngf4 Rb8 45. h4 g5 46. hxg5 hxg5 47. Ne2 Ke6 48. Nc7+ Ke5 49. Nb5 Rxb6 50. Nbd4 Nf6 51. Kg2 Rb2 52. Kf1 Ng4 53. Nc6+ Kd5 54. Ncd4 Kc4 55. Kg2 Kd3 56. Kf1 Nh2+ 57. Kg2 Rxe2 0-1


[Site "https://www.chess.com"]

[Event "Titled Tuesday Blitz July 20 2021"]
[White "Sinitsina, Anastassia"]
[Black "Pert, Richard G"]
[WhiteFideId "4504640"]
[BlackFideId "404748"]
[WhiteElo "2204"]
[BlackElo "2441"]
[Result "1/2-1/2"]
[Round "05"]
[TimeControl "180+1"]
[Date "2021.07.21"]
[WhiteClock "0:00:14"]
[BlackClock "0:00:14"]

1. Nf3 g6 2. g3 Bg7 3. Bg2 e5 4. O-O Nc6 5. c4 d6 6. Nc3 Be6 7. d3 Qd7 8. Re1 Bh3 9. Bh1 h6 10. Rb1 a5 11. a3 Nge7 12. b4 axb4 13. axb4 O-O 14. b5 Nd8 15. Bd2 Kh7 16. Qc2 f5 17. Ra1 Rb8 18. Ra7 Ne6 19. Rea1 f4 20. Ne4 Nf5 21. Bc3 fxg3 22. hxg3 Bg4 23. Bg2 Bxf3 24. exf3 Nfd4 25. Qd1 Qf7 26. b6 cxb6 27. Nxd6 Qd7 28. Ne4 Nc5 29. Bb4 Rfc8 30. Bxc5 bxc5 31. Qa4 Qe7 32. Rb1 Rf8 33. Qa3 Nxf3+ 34. Bxf3 Rxf3 35. Qxc5 Qd7 36. Qd6 Qxd6 37. Nxd6 Rxd3 38. Raxb7 Rxb7 39. Nxb7 e4 40. c5 Rc3 41. Re1 Bd4 42. Rxe4 Bxc5 43. Nxc5 Rxc5 44. Re7+ Kg8 45. Kg2 1/2-1/2


[Site "https://www.chess.com"]

[Event "Titled Tuesday Blitz July 20 2021"]
[White "Sjugirov, Sanan"]
[Black "Moroni, Luca Jr"]
[WhiteFideId "4189302"]
[BlackFideId "865834"]
[WhiteElo "2472"]
[BlackElo "2491"]
[Result "0-1"]
[Round "05"]
[TimeControl "180+1"]
[Date "2021.07.20"]
[WhiteClock "0:01:17"]
[BlackClock "0:02:38"]

1. Nf3 g6 2. c4 Bg7 3. d4 d6 4. Nc3 Nc6 5. d5 Ne5 6. Nxe5 Bxe5 7. e4 Nf6 8. Bd3 O-O 9. h3 e6 10. O-O exd5 11. cxd5 Nh5 12. f4 Bd4+ 13. Kh2 Qh4 14. Qf3 g5 15. Ne2 g4 0-1


[Site "https://www.chess.com"]

[Event "Titled Tuesday Blitz July 20 2021"]
[White "Skatchkov, Valery"]
[Black "Woodward, Andy"]
[WhiteFideId "24195812"]
[BlackFideId "30953499"]
[WhiteElo "2199"]
[BlackElo "2137"]
[Result "0-1"]
[Round "05"]
[TimeControl "180+1"]
[Date "2021.07.21"]
[WhiteClock "0:00:22"]
[BlackClock "0:00:17"]

1. d4 Nf6 2. Bf4 d5 3. Nc3 Bf5 4. Nb5 Na6 5. e3 e6 6. Nf3 c6 7. Nc3 Bb4 8. Bxa6 bxa6 9. O-O O-O 10. Na4 Ne4 11. Ne5 Rc8 12. Nd3 Be7 13. f3 Nd6 14. Ndc5 Nc4 15. Nb7 Qd7 16. Nac5 Bxc5 17. Nxc5 Qe7 18. b3 e5 19. bxc4 exf4 20. exf4 Qe3+ 21. Rf2 Qxf4 22. cxd5 cxd5 23. c3 Rfe8 24. Qd2 Qd6 25. Re1 h6 26. Rxe8+ Rxe8 27. Re2 Rb8 28. Re5 Bg6 29. h4 Rb1+ 30. Kf2 f6 31. Re1 Rb8 32. Qe2 Kh7 33. g3 Rb6 34. Qe6 Qb8 35. Qxd5 Rb2+ 36. Re2 Rxe2+ 37. Kxe2 Qb2+ 38. Ke3 Qxc3+ 39. Kf4 Qc1+ 40. Kg4 h5+ 41. Qxh5+ Bxh5+ 42. Kxh5 Qe3 0-1


[Site "https://www.chess.com"]

[Event "Titled Tuesday Blitz July 20 2021"]
[White "Stribuk, Artiom"]
[Black "Jodorcovsky Werjivker, Paulo"]
[WhiteFideId "13515659"]
[BlackFideId "3700305"]
[WhiteElo "2224"]
[BlackElo "2142"]
[Result "1-0"]
[Round "05"]
[TimeControl "180+1"]
[Date "2021.07.21"]
[WhiteClock "0:00:39"]
[BlackClock "0:00:14"]

1. d4 Nf6 2. c4 g6 3. Nf3 Bg7 4. g3 O-O 5. Bg2 d6 6. O-O Nbd7 7. Nc3 e5 8. e4 exd4 9. Nxd4 Re8 10. Re1 a6 11. h3 Rb8 12. Bf4 Nh5 13. Be3 Ne5 14. Qe2 Bd7 15. Rad1 c5 16. Nc2 Be6 17. Nd5 Bxd5 18. Rxd5 Nf6 19. Rd2 Qb6 20. b3 Rbd8 21. Red1 Rd7 22. Kh2 Red8 23. f4 Nc6 24. Rd3 Ne8 25. Qd2 f6 26. h4 h5 27. Bh3 Re7 28. Bg2 Red7 29. Qf2 Qc7 30. Bd2 a5 31. Bc3 Qb6 32. Ne3 Nc7 33. Bh3 Re7 34. Bg2 Red7 35. Qf3 Nb4 36. R3d2 Ne8 37. f5 Nc6 38. fxg6 Ne5 39. Qxh5 Bh8 40. Nf5 Qc6 41. Bxe5 dxe5 42. Ne7+ Rxe7 43. Rxd8 b5 44. R1d7 Qe6 45. Bh3 Qb6 46. Qh7+ Rxh7 47. Rxe8# 1-0


[Site "https://www.chess.com"]

[Event "Titled Tuesday Blitz July 20 2021"]
[White "Sukandar, Irine Kharisma"]
[Black "Quintiliano Pinto, Renato R."]
[WhiteFideId "7101937"]
[BlackFideId "2117568"]
[WhiteElo "2313"]
[BlackElo "2439"]
[Result "0-1"]
[Round "05"]
[TimeControl "180+1"]
[Date "2021.07.21"]
[WhiteClock "0:00:15"]
[BlackClock "0:00:16"]

1. d4 d5 2. Bf4 Nf6 3. e3 c5 4. Nd2 Nc6 5. c3 e6 6. Ngf3 Be7 7. Ne5 O-O 8. Bd3 cxd4 9. exd4 Bd6 10. O-O Qc7 11. Re1 Ne7 12. Ndf3 Ng6 13. Nxg6 hxg6 14. Bxd6 Qxd6 15. Ne5 Nd7 16. Qd2 Nxe5 17. Rxe5 Bd7 18. Rae1 a6 19. h4 Bb5 20. h5 Bxd3 21. Qxd3 gxh5 22. Rxh5 g6 23. Ree5 Kg7 24. Rh3 Rh8 25. Rg3 Rh6 26. f4 Rah8 27. Qf3 Qb6 28. Re2 Qa5 29. f5 exf5 30. Qxf5 Qxa2 31. Qe5+ Kh7 32. Rf3 Rf8 33. Qe7 Kg8 34. Qxb7 Qb1+ 35. Rf1 Rh1+ 36. Kxh1 Qxf1+ 37. Kh2 Qxe2 0-1


[Site "https://www.chess.com"]

[Event "Titled Tuesday Blitz July 20 2021"]
[White "Tanenbaum, Zachary"]
[Black "Song, Michael"]
[WhiteFideId "2060850"]
[BlackFideId "2613190"]
[WhiteElo "2165"]
[BlackElo "2274"]
[Result "0-1"]
[Round "05"]
[TimeControl "180+1"]
[Date "2021.07.21"]
[WhiteClock "0:00:05"]
[BlackClock "0:00:55"]

1. e4 e5 2. Nf3 Nc6 3. Bc4 Bc5 4. c3 Nf6 5. d3 d6 6. Nbd2 O-O 7. a4 a6 8. Nf1 Ne7 9. Ng3 Ng6 10. O-O Be6 11. Bxe6 fxe6 12. Be3 Bxe3 13. fxe3 Qd7 14. Nd2 h6 15. Nh5 Nxh5 16. Qxh5 Kh7 17. Rf3 Rxf3 18. Nxf3 Qe7 19. h4 Nh8 20. Rf1 Rf8 21. d4 exd4 22. exd4 Kg8 23. Qg4 Rf6 24. e5 Rf5 25. exd6 cxd6 26. Re1 Qf7 27. Qe4 Rf6 28. a5 Ng6 29. d5 e5 30. c4 Rf4 31. Qd3 Nxh4 32. Nxh4 Rxh4 33. Rf1 Rf4 34. Rxf4 Qxf4 35. c5 Qc1+ 36. Kh2 Qxc5 37. Qf3 Qxa5 38. Qb3 Qc7 39. Qf3 Qf7 40. Qd3 b5 41. Qe4 Qf4+ 42. Qxf4 exf4 43. Kg1 Kf7 44. Kf2 Kf6 45. Kf3 Ke5 0-1


[Site "https://www.chess.com"]

[Event "Titled Tuesday Blitz July 20 2021"]
[White "Tin, Jingyao"]
[Black "Rustemov, Alexander"]
[WhiteFideId "5804418"]
[BlackFideId "4119002"]
[WhiteElo "2374"]
[BlackElo "2856"]
[Result "1/2-1/2"]
[Round "05"]
[TimeControl "180+1"]
[Date "2021.07.20"]
[WhiteClock "0:00:08"]
[BlackClock "0:00:07"]

1. d4 d5 2. c4 e6 3. Nf3 Nf6 4. Nc3 Be7 5. Bf4 O-O 6. e3 b6 7. cxd5 Nxd5 8. Nxd5 exd5 9. Bd3 c5 10. O-O c4 11. Bc2 b5 12. e4 Be6 13. e5 Nc6 14. Rc1 Rc8 15. Bb1 Qd7 16. Qc2 g6 17. Qd2 Bf5 18. Bg5 Bxb1 19. Bxe7 Qxe7 20. Rxb1 Nd8 21. Ne1 Ne6 22. f4 f5 23. Nc2 b4 24. Qxb4 Qd7 25. Qc3 Rb8 26. b3 Rfc8 27. bxc4 Rxb1 28. Rxb1 dxc4 29. Rd1 Nxf4 30. Qf3 Nd5 31. Ne3 Nxe3 32. Qxe3 c3 33. Rc1 c2 34. h3 Rc4 35. Rxc2 Rxc2 36. Qb3+ Kg7 37. Qxc2 Qxd4+ 38. Kh1 Qxe5 39. Qc4 a5 40. Qb3 h5 41. a4 Kh6 42. Qc4 Qe1+ 43. Kh2 h4 44. Qf4+ Kh7 45. Qc7+ Kh6 46. Qf4+ Kh5 47. Qf3+ Kg5 48. Qb3 Qe5+ 49. Kh1 Qc5 50. Qd1 Qc3 51. Qd8+ Kh5 52. Qd1+ Kh6 53. Qd7 Qe1+ 54. Kh2 Qe5+ 55. Kh1 Qe1+ 56. Kh2 Kg5 57. Qd8+ Kf4 58. Qd4+ Qe4 59. Qd2+ Qe3 60. Qxa5 Qg3+ 61. Kh1 Kg5 62. Qd8+ Kh5 63. Qd1+ Kg5 64. Qc1+ Kh5 65. Qd1+ Kg5 66. Qa1 Qd6 67. a5 Qa6 68. Qc1+ Kh5 69. Qd1+ Kh6 70. Qd2+ Kh5 71. Qd1+ Kh6 72. Qa1 Kh5 73. Qh8+ Kg5 74. Qd8+ Kh5 75. Qc7 Qe2 76. Kh2 Kg5 77. Qd8+ Kh5 78. Qh8+ Kg5 79. Qd8+ Kh5 80. Qd6 g5 81. Qc7 Kg6 82. Qb6+ Kh5 83. Qc7 Kg6 84. Qd6+ Kh5 85. Qc7 1/2-1/2


[Site "https://www.chess.com"]

[Event "Titled Tuesday Blitz July 20 2021"]
[White "Trent, Lawrence"]
[Black "Samsonkin, Artiom"]
[WhiteFideId "408638"]
[BlackFideId "13503111"]
[WhiteElo "2474"]
[BlackElo "2513"]
[Result "1-0"]
[Round "05"]
[TimeControl "180+1"]
[Date "2021.07.21"]
[WhiteClock "0:00:05"]
[BlackClock "0:00:05"]

1. c4 Nf6 2. Nc3 e6 3. e4 d5 4. e5 d4 5. exf6 dxc3 6. bxc3 Qxf6 7. Bd3 e5 8. Be4 Na6 9. Nf3 Nc5 10. Qe2 Bd6 11. d4 Nxe4 12. Qxe4 Bf5 13. Qxb7 O-O 14. O-O Rab8 15. Qxa7 e4 16. Ne5 Bxe5 17. dxe5 Qxe5 18. Qd4 Qe6 19. Bf4 Rb6 20. Bxc7 Rc6 21. Bg3 Rxc4 22. Qe3 Rfc8 23. Rfc1 h5 24. a4 Rd8 25. a5 Rd3 26. Qe1 e3 27. a6 Be4 28. fxe3 Ba8 29. Bf4 g5 30. Qg3 f6 31. Bxg5 Kh7 32. Rc2 Rd7 33. Bf4 Qe4 34. Rf2 Rg7 35. Qh3 Rxc3 36. Qxh5+ Kg8 37. Qh3 Rc2 38. Raf1 Rxf2 39. Rxf2 Qb1+ 40. Rf1 Qc2 41. Bg3 Qc6 42. a7 Rh7 43. Qg4+ Kh8 44. Qe2 Rxa7 45. Qf2 Kg7 46. Bh4 Rf7 47. h3 Qe4 48. Qg3+ Kf8 49. Rf4 Qb1+ 50. Kh2 Qh7 51. Bxf6 Be4 52. Rh4 Rxf6 53. Rxh7 Bxh7 54. Qe5 Kg7 55. g4 Kg6 56. Kg3 Bg8 57. Kh4 Re6 58. Qg5+ Kf7 59. Kg3 Bh7 60. h4 Rg6 61. Qf4+ Kg7 62. Qc7+ Kg8 63. h5 1-0


[Site "https://www.chess.com"]

[Event "Titled Tuesday Blitz July 20 2021"]
[White "Turgut, Aydin"]
[Black "Jovic, Stanoje"]
[WhiteFideId "2078791"]
[BlackFideId "905020"]
[WhiteElo "2138"]
[BlackElo "2286"]
[Result "1-0"]
[Round "05"]
[TimeControl "180+1"]
[Date "2021.07.21"]
[WhiteClock "0:00:24"]
[BlackClock "0:00:01"]

1. e4 c6 2. d4 d5 3. f3 e6 4. Nc3 Bb4 5. Ne2 Nf6 6. a3 Ba5 7. Qd3 O-O 8. Bg5 h6 9. Bh4 b5 10. e5 g5 11. Bf2 Nfd7 12. h4 f5 13. exf6 Qxf6 14. hxg5 Qxg5 15. Be3 Qf5 16. Qxf5 exf5 17. Rxh6 b4 18. axb4 Bxb4 19. Kf2 Nf6 20. Nf4 Bxc3 21. bxc3 a5 22. Bd3 a4 23. Ng6 Re8 24. Ne5 Re6 25. Bxf5 Rxe5 26. dxe5 Bxf5 27. Rxf6 Bxc2 28. Bc5 Nd7 29. Rxc6 Nxe5 30. Rc7 Nd3+ 31. Ke3 Nxc5 32. Rxc5 Bb3 33. Kd4 a3 34. Rxd5 Bxd5 35. Kxd5 a2 36. Kc4 Kf7 37. Kb3 Rb8+ 38. Ka3 Ke6 39. Rxa2 Kd5 40. Rb2 Rg8 41. Kb3 Kc5 42. Rd2 Rb8+ 43. Kc2 Ra8 44. Kd3 Rd8+ 45. Ke3 Re8+ 46. Kf2 Kc4 47. Re2 Ra8 48. Re3 Rg8 49. g4 Ra8 50. f4 Ra1 51. g5 Rh1 52. f5 Rh5 53. Rg3 Kd5 54. f6 Ke6 55. Kf3 Kf7 56. Kg4 Rh1 57. Rf3 Ra1 58. c4 1-0


[Site "https://www.chess.com"]

[Event "Titled Tuesday Blitz July 20 2021"]
[White "Vagman, Roy"]
[Black "Janaszak, Dawid"]
[WhiteFideId "2828995"]
[BlackFideId "1119206"]
[WhiteElo "1782"]
[BlackElo "2332"]
[Result "0-1"]
[Round "05"]
[TimeControl "180+1"]
[Date "2021.07.21"]
[WhiteClock "0:00:08"]
[BlackClock "0:00:41"]

1. e4 c5 2. Nf3 g6 3. c4 Bg7 4. d4 cxd4 5. Nxd4 Nc6 6. Be3 Qb6 7. Nb3 Qd8 8. Nc3 Bxc3+ 9. bxc3 d6 10. c5 Nf6 11. cxd6 O-O 12. dxe7 Qxe7 13. f3 Rd8 14. Qc2 b6 15. Be2 Bb7 16. O-O Rac8 17. Rad1 Nd5 18. Bf2 Ncb4 19. Qd2 Nxc3 20. Qe3 Nxd1 21. Bxd1 Nxa2 22. Nd4 Nc3 23. Qf4 Nxd1 24. Rxd1 Qc7 25. Qf6 Qd6 26. Qg5 Qc5 27. Qf6 Rd6 28. Qf4 Rcd8 29. e5 Rd5 30. e6 fxe6 31. Qf6 Qd6 32. Bg3 e5 33. Qg5 Rxd4 34. Re1 Rd1 35. Bxe5 Rxe1+ 36. Kf2 Rxe5 37. Qf4 Re2+ 38. Kg3 Qxf4+ 39. Kxf4 Rxg2 40. h4 a5 41. h5 a4 42. h6 a3 43. Ke5 a2 44. Kf4 a1=Q 45. Ke3 Qe5# 0-1


[Site "https://www.chess.com"]

[Event "Titled Tuesday Blitz July 20 2021"]
[White "ValeriyGrinev"]
[Black "Krallis, Christos"]
[BlackFideId "4298896"]
[WhiteElo "2625"]
[BlackElo "2193"]
[Result "1-0"]
[Round "05"]
[TimeControl "180+1"]
[Date "2021.07.21"]
[WhiteClock "0:01:01"]
[BlackClock "0:00:06"]

1. d4 Nf6 2. c4 e6 3. g3 d5 4. Nf3 Be7 5. Bg2 O-O 6. O-O c6 7. Qc2 b6 8. Nbd2 Bb7 9. e4 Na6 10. cxd5 cxd5 11. e5 Ne4 12. a3 Rc8 13. Qb1 f5 14. exf6 gxf6 15. Re1 Nc7 16. Bf1 Ne8 17. Bd3 N8d6 18. Nf1 Qe8 19. Bh6 Rf7 20. N3d2 Nf5 21. Be3 Nxe3 22. Rxe3 f5 23. Re1 Bf6 24. Nf3 Rg7 25. Rc1 Rgc7 26. Rxc7 Rxc7 27. Qd1 Kg7 28. Rc1 Rxc1 29. Qxc1 Qc6 30. Qf4 Qd6 31. Qc1 Bc6 32. Ne5 Bxe5 33. dxe5 Qc5 34. Qf4 Bb5 35. Bxe4 dxe4 36. Qg5+ Kf7 37. Qf6+ Ke8 38. Qxe6+ Kd8 39. Ne3 Be2 40. Qd5+ Qxd5 41. Nxd5 Kd7 42. Nf4 Bf3 43. Kf1 Bd1 44. Ke1 Bb3 45. Kd2 a5 46. Kc3 Bf7 47. Kd4 Be6 48. Ng2 b5 49. Ne3 b4 50. axb4 axb4 51. Kc5 b3 52. Nd5 Bf7 53. Nf4 Bg8 54. Kb4 Bf7 55. e6+ Bxe6 56. Nxe6 Kxe6 57. Kxb3 f4 58. gxf4 Kf5 59. Kc4 Kxf4 60. Kd4 Kf3 61. b4 Kxf2 62. Kxe4 h5 63. b5 h4 64. b6 Kg2 65. b7 Kxh2 66. b8=Q+ Kg2 67. Qb2+ Kg3 68. Qc3+ Kg2 69. Qd2+ Kg3 70. Qe3+ Kg2 71. Qe2+ Kg3 72. Qf3+ Kh2 73. Kf4 h3 74. Qg3+ 1-0


[Site "https://www.chess.com"]

[Event "Titled Tuesday Blitz July 20 2021"]
[White "Vasli, Aref"]
[Black "Sihite, Chelsie Monica Ignesias"]
[WhiteFideId "417521"]
[BlackFideId "7101198"]
[WhiteElo "2257"]
[BlackElo "2224"]
[Result "1/2-1/2"]
[Round "05"]
[TimeControl "180+1"]
[Date "2021.07.21"]
[WhiteClock "0:00:12"]
[BlackClock "0:00:32"]

1. g3 g6 2. Bg2 Bg7 3. Nf3 Nf6 4. O-O O-O 5. c4 c5 6. Nc3 Nc6 7. d4 cxd4 8. Nxd4 e5 9. Ndb5 a6 10. Nd6 Ne8 11. b3 Nxd6 12. Qxd6 Re8 13. Bb2 Bf8 14. Qd2 d6 15. Rad1 Bf5 16. Ne4 Bxe4 17. Bxe4 Qc7 18. e3 Rad8 19. h4 h6 20. h5 g5 21. Qe2 Qc8 22. Qf3 Re7 23. Rd2 Rc7 24. Rc1 Re8 25. a3 a5 26. Bc3 b6 27. Rcd1 Nd8 28. Bd5 Ne6 29. Kg2 Nd8 30. Ba1 Ree7 31. Qe4 Ne6 32. b4 axb4 33. axb4 Ra7 34. g4 Rec7 35. Qf5 Ra4 36. Bc3 Ra3 37. Rd3 Rxc4 38. Bb2 Rxd3 39. Rxd3 Rxb4 40. Rc3 Qe8 41. Ba3 Ra4 42. f3 Nc5 43. Bxc5 dxc5 44. Rb3 Rb4 45. Ra3 c4 46. Ra7 Rb2+ 47. Kh3 Be7 48. Qxe5 Qf8 49. Qxb2 Qg7 50. Qc2 Bf8 51. Ra8 c3 52. Bb3 Qe5 53. Qg6+ Qg7 54. Qxg7+ Kxg7 55. Rc8 Bc5 56. Rc7 Kf6 57. Bc2 Ke5 58. f4+ gxf4 59. exf4+ Kxf4 60. Rxf7+ Ke3 61. Rh7 Kd2 62. Bf5 Be3 63. Rd7+ Kc1 64. Kg2 b5 65. Rc7 b4 66. Rb7 Bc5 67. Rb5 Be7 68. Kf3 Kb2 69. Ke4 b3 70. Ke5 c2 71. Rxb3+ Kxb3 72. Bxc2+ Kxc2 73. Kf4 Bg5+ 74. Kg3 Kd2 75. Kh3 Ke3 76. Kh2 Kf4 77. Kh1 Kxg4 78. Kg2 Bf4 79. Kh1 Kxh5 80. Kg2 Kg4 81. Kh1 h5 82. Kg2 h4 83. Kh1 h3 84. Kg1 h2+ 85. Kh1 Kh3 1/2-1/2


[Site "https://www.chess.com"]

[Event "Titled Tuesday Blitz July 20 2021"]
[White "Vdovin, Vadim"]
[Black "Fisabilillah, Ummi"]
[WhiteFideId "24107158"]
[BlackFideId "7104804"]
[WhiteElo "2406"]
[BlackElo "2091"]
[Result "1-0"]
[Round "05"]
[TimeControl "180+1"]
[Date "2021.07.21"]
[WhiteClock "0:00:09"]
[BlackClock "0:00:01"]

1. e4 e6 2. d4 d5 3. Nc3 Bb4 4. e5 b6 5. a3 Bf8 6. Nf3 Qd7 7. Be3 Ne7 8. Ne2 Ba6 9. Nf4 Bxf1 10. Kxf1 Nf5 11. g4 Ne7 12. Kg2 Ng6 13. Nh5 c5 14. c3 Nc6 15. b4 c4 16. h4 O-O-O 17. a4 Kb8 18. a5 b5 19. Ng3 a6 20. h5 Nge7 21. h6 f6 22. hxg7 Bxg7 23. exf6 Bxf6 24. Qe2 Kb7 25. Bg5 Bxg5 26. Nxg5 Ng6 27. Nh5 e5 28. dxe5 Ncxe5 29. f3 Nd3 30. Qe3 Qc7 31. Ne6 Qd6 32. Nc5+ Ka8 33. Nxd3 cxd3 34. Qxd3 Ne5 35. Qd4 Rhf8 36. Rhf1 Nc4 37. Rae1 Rde8 38. Ng3 Qg6 39. Qxd5+ Kb8 40. Nf5 Rxe1 41. Rxe1 h5 42. Re7 Ne3+ 43. Nxe3 Kc8 44. Qb7+ 1-0


[Site "https://www.chess.com"]

[Event "Titled Tuesday Blitz July 20 2021"]
[White "Volkov, Maksim"]
[Black "Gusarov, Grigory"]
[WhiteFideId "54123070"]
[BlackFideId "24102172"]
[WhiteElo "2113"]
[BlackElo "2269"]
[Result "0-1"]
[Round "05"]
[TimeControl "180+1"]
[Date "2021.07.21"]
[WhiteClock "0:00:16"]
[BlackClock "0:00:46"]

1. d4 Nf6 2. c4 c5 3. d5 b5 4. cxb5 a6 5. bxa6 d6 6. Nc3 Bxa6 7. g3 g6 8. Bg2 Bg7 9. Nf3 O-O 10. O-O Nbd7 11. Re1 Qb6 12. h3 Rfb8 13. e4 Ne8 14. Qc2 Nc7 15. Rb1 Nb5 16. Nxb5 Bxb5 17. b3 Qa6 18. Bf1 Bxf1 19. Rxf1 Qxa2 20. Qxa2 Rxa2 21. Nd2 Rc2 22. Rd1 h5 23. Ba3 Ra8 24. Bc1 Bc3 25. Nc4 Raa2 26. Be3 Bd4 27. Bxd4 cxd4 28. Rf1 Nc5 29. e5 Ne4 30. exd6 exd6 31. Ra1 Nxf2 32. Rxa2 Nxh3+ 33. Kh1 Rxa2 34. Nxd6 d3 35. Ne4 Re2 36. d6 Rxe4 37. d7 Rd4 0-1


[Site "https://www.chess.com"]

[Event "Titled Tuesday Blitz July 20 2021"]
[White "Vukovic, Zdravko"]
[Black "Preotu, Razvan"]
[WhiteFideId "900877"]
[BlackFideId "2613280"]
[WhiteElo "2592"]
[BlackElo "2407"]
[Result "0-1"]
[Round "05"]
[TimeControl "180+1"]
[Date "2021.07.20"]
[WhiteClock "0:00:28"]
[BlackClock "0:00:33"]

1. e4 c5 2. b3 Nf6 3. e5 Nd5 4. Bb2 Nc6 5. Nf3 d6 6. Bb5 Nc7 7. Bxc6+ bxc6 8. exd6 exd6 9. O-O Bg4 10. h3 Bh5 11. d3 Be7 12. Nbd2 O-O 13. Re1 Re8 14. Ne4 Ne6 15. Ng3 Bg6 16. Qd2 a5 17. a4 Bf6 18. Bxf6 Qxf6 19. Rab1 h6 20. Re3 Reb8 21. Rbe1 Qf4 22. Rxe6 Qxd2 23. Nxd2 fxe6 24. Rxe6 Bf7 25. Rxd6 c4 26. Nxc4 Bxc4 27. dxc4 Rd8 28. Rxc6 Rd1+ 29. Kh2 Rd2 30. f3 Rxc2 31. Nf5 Ra7 32. Nd4 Rb2 33. Rb6 Rd7 34. Nf5 Rdd2 35. Ne3 Re2 36. Re6 Rxb3 0-1


[Site "https://www.chess.com"]

[Event "Titled Tuesday Blitz July 20 2021"]
[White "Walentukiewicz, Michal"]
[Black "Tologon tegin, Semetei"]
[WhiteFideId "1126903"]
[BlackFideId "13800574"]
[WhiteElo "1974"]
[BlackElo "2224"]
[Result "0-1"]
[Round "05"]
[TimeControl "180+1"]
[Date "2021.07.21"]
[WhiteClock "0:01:27"]
[BlackClock "0:00:17"]

1. g3 d5 2. Bg2 Nf6 3. c4 e6 4. cxd5 exd5 5. Nf3 Bd6 6. O-O O-O 7. d3 h6 8. Nc3 Re8 9. Qc2 a6 10. e4 dxe4 11. dxe4 Bg4 12. h3 Bxf3 13. Bxf3 Nc6 14. Rd1 Qe7 15. Bg2 Be5 16. Nd5 Nxd5 17. Rxd5 Nb4 18. Qb3 Nxd5 19. Qxd5 Rad8 20. Qxb7 Rd1+ 21. Kh2 Qf6 22. f4 Bd4 23. Qb3 Bg1+ 24. Kh1 Red8 25. e5 Qb6 26. h4 Be3+ 27. Kh2 Rxc1 28. Rxc1 Bxc1 29. Qf3 Qe3 30. Qg4 Bxb2 31. f5 Bxe5 0-1


[Site "https://www.chess.com"]

[Event "Titled Tuesday Blitz July 20 2021"]
[White "Yaran, Siar"]
[Black "Parkhov, Yair"]
[WhiteFideId "6323006"]
[BlackFideId "2813408"]
[WhiteElo "1977"]
[BlackElo "2131"]
[Result "1-0"]
[Round "05"]
[TimeControl "180+1"]
[Date "2021.07.21"]
[WhiteClock "0:00:07"]
[BlackClock "0:00:09"]

1. e4 g6 2. d4 Bg7 3. Nf3 d6 4. Bc4 Nf6 5. Nbd2 O-O 6. O-O Nxe4 7. Nxe4 d5 8. Bd3 dxe4 9. Bxe4 Nd7 10. h3 c5 11. Be3 Nf6 12. Bd3 cxd4 13. Bxd4 b6 14. Re1 Bb7 15. c3 Rc8 16. Qe2 Nd5 17. Bxg7 Kxg7 18. Rad1 e6 19. c4 Nf4 20. Qe5+ Qf6 21. Be4 Bxe4 22. Rxe4 Qxe5 23. Nxe5 g5 24. g3 Ng6 25. Nxg6 Kxg6 26. Rd7 a5 27. Red4 Rc6 28. b3 a4 29. Kg2 axb3 30. axb3 Ra8 31. Rb7 Ra3 32. Rdd7 f5 33. Rg7+ Kf6 34. f4 gxf4 35. gxf4 e5 36. Rgf7+ Kg6 37. Rg7+ Kh5 38. Rxh7+ Rh6 39. Rxh6+ Kxh6 40. Rxb6+ Kh5 41. fxe5 Kg5 42. h4+ Kf4 43. e6 Ra2+ 44. Kf1 Kf3 45. Ke1 Ke3 46. Kd1 f4 47. e7 Ra8 48. Re6+ Kd3 49. Rd6+ Ke3 50. Rd8 Ra1+ 51. Kc2 f3 52. e8=Q+ Kf2 53. Rd2+ Kg1 54. Qg6+ Kh1 55. Qg3 f2 56. Qf3+ Kh2 57. Qxf2+ Kh3 58. Rd3+ Kg4 59. Qg3+ Kf5 60. Qg5+ Ke4 61. Re3+ Kd4 62. Qe5# 1-0


[Site "https://www.chess.com"]